 Dungeon Crawl Stone Soup version 0.28-a0-845-gfc338a8e3c (webtiles) character file.

Game seed: 899221079642063680

21 croobank the Gusty (level 2, -1/11 HPs)
             Began as a Felid Air Elementalist on Nov 12, 2021.
             Succumbed to an adder's poison
             ... on level 2 of the Dungeon.
             The game lasted 00:03:32 (1248 turns).

croobank the Gusty (Felid Air Elementalist)         Turns: 1248, Time: 00:03:33

Health: -1/11      AC:  1    Str:  4    XL:     2   Next: 65%
Magic:  4/6        EV: 17    Int: 16    God:
Gold:   40         SH:  0    Dex: 16    Spells: 4/5 levels left
                                        Lives:  0   Deaths: 0

rFire   . . .      SeeInvis +   (weapon unavailable)
rCold   . . .      Faith    .   (shield unavailable)
rNeg    . . .      Spirit   .   (armour unavailable)
rPois   .          Reflect  .   (helmet unavailable)
rElec   .          Harm     .   (cloak unavailable)
rCorr   .          Rampage  .   (gloves unavailable)
Will    .....                   (boots unavailable)
Stlth   ++........              (no amulet)
HPRegen 0.03/turn               (no ring)
MPRegen 0.10/turn               (no ring)

@: lethally poisoned (-1 -> -8), quick
A: very small, claws 1, fangs 3, see invisible, speed 1, shaggy fur 1, stealthy
paws, no weapons or thrown items, no armour, multi-lived
a: no special abilities


You were on level 2 of the Dungeon.
You visited 1 branch of the dungeon, and saw 2 of its levels.

You collected 40 gold pieces.

Inventory:

Scrolls
 a - a scroll of acquirement {unknown}
 c - a scroll of enchant armour {unknown}
 d - a scroll of identify {unknown}
Potions
 b - a potion of might {unknown}


   Skills:
 + Level 2.9 Dodging
 + Level 2.7 Stealth
 + Level 0.5 Unarmed Combat
 + Level 2.1 Spellcasting
 + Level 1.0 Conjurations
 + Level 3.2 Air Magic


You had 4 spell levels left.
You knew the following spells:

 Your Spells              Type           Power      Damage    Failure   Level
a - Shock                 Conj/Air       32%        1d5       9%          1

Your spell library contained the following spells:

 Spells                   Type           Power      Damage    Failure   Level
 Static Discharge         Conj/Air       8%         N/A       13%         2
 Swiftness                Air            12%        N/A       16%         3
 Airstrike                Air            6%         N/A       47%         4


Dungeon Overview and Level Annotations

Branches:
Dungeon (2/15)

Altars:

Shops:
D:1 !


Innate Abilities, Weirdness & Mutations

You have sharp claws.
You have razor-sharp teeth.
You have supernaturally acute eyesight. (SInv)
You cover ground quickly. (Speed+)
You are covered in fur. (AC +1)
Your paws help you pounce on unaware monsters.
You are incapable of wielding weapons or throwing items.
You cannot wear armour.
You gain extra lives every three experience levels.


Message History

The zap hits the goblin.
You kill the goblin!
Done exploring.
There is a stone staircase leading down here.
You climb downwards.
Found a scroll labelled MISTRU DEKAT SURPH.
There is a stone staircase leading up here.
Aiming: Shock (safe; 9% risk of failure)
Press: ? - help, Q - select action Shift-Dir - straight line, f - adder
Aim: an adder (asleep, 100% to hit)
The zap hits the adder.
The adder is lightly wounded.
The adder hisses angrily.
The bat barely misses you. The adder closely misses you.
Aiming: Shock (safe; 9% risk of failure)
Press: ? - help, Q - select action Shift-Dir - straight line, f/p - adder
Aim: an adder (lightly wounded, 48% to hit)
The zap hits the adder.
The adder is lightly wounded.
The bat barely misses you. The adder barely misses you.
You scratch the adder but do no damage.
The adder is lightly wounded.
The bat completely misses you. The adder bites you.
You scratch the adder.
The adder is moderately wounded.
The adder bites you but does no damage. The bat closely misses you.
The adder barely misses you.
You scratch the adder.
The adder is heavily wounded.
The bat completely misses you. The adder misses you.
You scratch the adder but do no damage.
The adder is heavily wounded.
The bat hits you. The adder closely misses you.
You closely miss the adder.
The adder is heavily wounded.
The adder bites you.
* * * LOW HITPOINT WARNING * * *
You are lethally poisoned!
The adder poisons you! The bat closely misses you. The adder barely misses you.
You die...

##########
#.@.......
#.Sb.......
#.......###
#.......#
#.........
...?....###
.........#
###..##.###


You could see an adder and a bat.

Vanquished Creatures
  2 dart slugs (D:1)
  2 ball pythons (D:1)
  2 bats (D:1)
  3 goblins (D:1)
  2 hobgoblins (D:1)
  A quokka (D:1)
  2 frilled lizards (D:1)
  3 rats (D:1)
17 creatures vanquished.

Vanquished Creatures (others)
  2 plants (D:1)
2 creatures vanquished.

Grand Total: 19 creatures vanquished

Notes
Turn   | Place    | Note
-------+----------+-------------------------------------------
     0 | D:1      | croobank the Felid Air Elementalist began the quest for the
                  | Orb.
     0 | D:1      | Reached XP level 1. HP: 7/7 MP: 4/4
   431 | D:1      | Reached skill level 3 in Air Magic
   649 | D:1      | Found Ilae's Distillery.
   734 | D:1      | Reached XP level 2. HP: 11/11 MP: 1/6
  1063 | D:1      | Reached skill level 1 in Conjurations
  1248 | D:2      | Succumbed to an adder's poison

Illustrated notes

Levels and vault maps discovered:
D:1:      scummos_arrival_gate, layout_rooms, serial_forest,
          infiniplex_forest_end_2, infiniplex_forest_corner_1,
          infiniplex_forest_clump_long, infiniplex_forest_lined_room_,
          infiniplex_forest_zigzag_2, infiniplex_forest_clump_small,
          infiniplex_forest_clump_long, serial_shops, nicolae_shop_stone
D:2:      layout_loops_ring, basic_ecumenical_altar, kennysheep_generic_room_8

Skill      XL: |  1  2 |
---------------+-------+-----
Air Magic      | 3 |  3.2
Conjurations   | 1 |  1.0
Dodging        | |  2.9
Stealth        | |  2.7
Unarmed Combat | |  0.5
Spellcasting   | |  2.1

Action                   || total
-------------------------++-------
Melee: Unarmed           ||    26
 Cast: Shock             ||    23
 Stab: Sleeping          ||     1
Armor: Skin              ||     1
Dodge: Dodged            ||    37

Table legend: (Time is in decaauts)
 A = Elapsed time spent in this place.
 B = Non-inter-level travel time spent in this place.
 C = Inter-level travel time spent in this place.
 D = Time resting spent in this place.
 E = Time spent auto-exploring this place.
 F = Levels seen in this place.
 G = Mean time per level.
                   A        B        C        D        E       F      G
               +--------+--------+--------+--------+--------+-----+--------+
         Total |   1159 |   1159 |      0 |     62 |    974 |   2 |  579.5 |
       Dungeon |   1159 |   1159 |      0 |     62 |    974 |   2 |  579.5 |
               +--------+--------+--------+--------+--------+-----+--------+

Top non-repeatable levels by time:
     D:1: 1151 daAuts
     D:2: 7 daAuts
